 Dungeon Crawl Stone Soup version 0.29.1-1-gd02db69 (webtiles) character file.

Game seed: 3947596228802202435

2830 BankyMcStonks the Spear-Bearer (level 9, -4/81 HPs)
             Began as a Minotaur Fighter on Dec 20, 2022.
             Was a High Priest of Ignis.
             Slain by an orc warrior
             ... wielding a +1 halberd of venom
              (20 damage)
             ... on level 7 of the Dungeon.
             The game lasted 00:31:57 (4371 turns).

BankyMcStonks the Spear-Bearer (Minotaur Fighter)   Turns: 4371, Time: 00:31:57

Health: -4/81      AC:  9    Str: 24    XL:     9   Next: 45%
Magic:  8/8        EV: 11    Int: 11    God:    Ignis [*****.]
Gold:   449        SH:  0    Dex: 11    Spells: 5/8 levels left

rFire   + . .      SeeInvis .   n - +0 scythe
rCold   . . .      Faith    .   (shield currently unavailable)
rNeg    . . .      Spirit   .   b - +0 scale mail
rPois   .          Reflect  .   (helmet restricted)
rElec   .          Harm     .   v - +0 cloak
rCorr   +          Rampage  .   (no gloves)
Will    .....                   (no boots)
Stlth   ..........              q - amulet of regeneration
HPRegen 1.03/turn               L - +6 ring of intelligence
MPRegen 0.11/turn               t - ring of resist corrosion

@: lethally poisoned (-4 -> -8)
A: horns 2, retaliatory headbutt
a: Renounce Religion, Fiery Armour, Foxfire Swarm, Rising Flame


You were on level 7 of the Dungeon.
You worshipped Ignis.
Ignis was extremely pleased with you.
You visited 1 branch of the dungeon, and saw 7 of its levels.

You collected 449 gold pieces.

Inventory:

Hand Weapons
 a - a +0 trident
 n - a +0 scythe (weapon)
 A - a +0 club
 B - a +2 dagger of venom
 D - a +0 giant spiked club
 H - a +2 vorpal flail
Missiles
 P - a silver boomerang (quivered)
Armour
 b - a +0 scale mail (worn)
 c - a +0 buckler
 f - a +0 helmet
 o - a +1 robe of willpower
 v - a +0 cloak (worn)
Magical Staves
 j - a staff of poison
 J - a staff of earth
Jewellery
 p - a ring of positive energy
 q - an amulet of regeneration (around neck)
 t - a ring of resist corrosion (right hand)
 I - a ring of protection from cold
 K - a ring of positive energy
 L - a +6 ring of intelligence (left hand)
 O - a ring of magical power
Wands
 x - a wand of mindburst (7)
Scrolls
 e - 3 scrolls of teleportation
 g - 3 scrolls of vulnerability
 r - 2 scrolls of blinking
 s - a scroll of poison
 w - a scroll of amnesia {unknown}
 y - 2 scrolls of fear
 z - a scroll of torment {unknown}
 F - 2 scrolls of noise {unknown}
 N - a scroll of identify
 Q - a scroll of fog {unknown}
Potions
 d - 2 potions of might
 h - 2 potions of attraction {unknown}
 i - 5 potions of lignification
 k - 5 potions of curing
 l - 2 potions of flight {unknown}
 m - 2 potions of degeneration
 u - a potion of berserk rage {unknown}
 C - 2 potions of heal wounds {unknown}
 E - 3 potions of mutation {unknown}
 G - a potion of brilliance {unknown}
 M - a potion of cancellation {unknown}


   Skills:
 + Level 7.8 Fighting
 + Level 10.3 Polearms
 + Level 0.1 Throwing
 + Level 8.9 Armour
 + Level 3.3 Dodging
 + Level 0.6 Stealth
 + Level 5.0 Shields
 + Level 0.1 Evocations


You had 5 spell levels left.
You knew the following spells:

 Your Spells              Type           Power      Damage    Failure   Level
a - Ozocubu's Armour      Ice            0%         N/A       92%         3

Your spell library contained the following spells:

 Spells                   Type           Power      Damage    Failure   Level
 Sting                    Tmut/Pois      0%         1d3       58%         1
 Ensorcelled Hibernation  Hex/Ice        0%         N/A       75%         2
 Poisonous Vapours        Pois/Air       0%         N/A       75%         2
 Scorch                   Fire           0%         2d5       75%         2
 Spider Form              Tmut/Pois      0%         N/A       92%         3
 Anguish                  Hex/Necr       0%         N/A       100%        4
 Flame Wave               Conj/Fire      0%         2d4       100%        4
 Olgreb's Toxic Radiance  Pois           0%         N/A       100%        4
 Dispersal                Tloc           0%         N/A       100%        6
 Summon Cactus Giant      Summ           0%         N/A       100%        6
 Ozocubu's Refrigeration  Ice            0%         4d7       100%        7
 Disjunction              Tloc           0%         N/A       100%        8


Dungeon Overview and Level Annotations

Branches:
Dungeon (7/15)             Temple (0/1) D:6

Altars:
Gozag
Trog
Wu Jian
Xom
Ignis


Innate Abilities, Weirdness & Mutations

You have a pair of horns on your head.
You reflexively headbutt those who attack you in melee.


Message History

You feel very sick.
You completely miss the orc. Your headbutt misses the orc.
The orc is almost dead.
You feel very sick. The orc warrior closely misses you.
The orc hits you but does no damage.
You puncture the orc!
You kill the orc!
You feel sick.
The orc warrior unwields a +1 halberd of venom.
It stops dripping with poison.
The orc warrior wields a +0 arbalest.
The orc warrior shoots a bolt.
The bolt hits you!
You feel sick.
You feel sick.
You feel sick.
The orc warrior shoots a bolt.
The bolt hits you!
You feel sick.
The orc warrior shoots a bolt.
The bolt hits you.
You feel sick.
The orc warrior shoots a bolt.
The bolt misses you.
The orc wizard gestures wildly while chanting.
The orc wizard flickers and vanishes!
Deactivating autopickup; reactivate with Ctrl-A.
You feel sick.
You are no longer poisoned.
The orc warrior shoots a bolt.
The bolt hits you.
You start resting.
An orc warrior is nearby!
You barely miss the orc warrior. Your headbutt misses the orc warrior.
The orc warrior is lightly wounded.
You closely miss the orc warrior.
The orc warrior is lightly wounded.
The orc warrior unwields a +0 arbalest.
The orc warrior wields a +1 halberd of venom.
It begins to drip with poison!
The orc warrior hits you with a +1 halberd of venom!
* * * LOW HITPOINT WARNING * * *
You are poisoned.
Something hits you but does no damage.
You slash the orc warrior!
The orc warrior is heavily wounded.
You feel very sick.
The orc warrior hits you with a +1 halberd of venom!!
You die...

.......#........).....#
.......#..............#
########..............#
#.....[........#
#..............#
##########..#### #..#
#####..# #...@o.#
#.###{#######
#.##..#~~~~≈~
#.#..........
#.#.###~~~~~≈
#.....####### ##..###
##o## #.#.)######.#


You could see an orc warrior.

Vanquished Creatures
  Prince Ribbit (D:5)
  Grinder (D:6)
  Sigmund (D:2)
  2 water moccasins
  Edmund (D:5)
  Pargi (D:3)
  A black bear (D:5)
  The ghost of BleedingAnus the Chopper, an amateur HOMo (D:3)
  2 ogres (D:4)
  A phantom (D:7)
  The ghost of Boganite the Grave Robber, an amateur DENe (D:3)
  3 bullfrogs
  2 necrophages
  A scorpion (D:5)
  A howler monkey (D:7)
  3 jellies
  5 hounds
  2 orc priests
  Ijyb (D:3)
  2 gnoll boudas
  5 iguanas
  Natasha (thrice) (D:3)
  3 orc wizards (D:7)
  6 adders
  12 gnolls
  A shadow imp (D:6)
  A white imp (D:5)
  An ufetubus (D:5)
  3 worms
  2 dart slugs
  19 orcs
  An endoplasm (D:3)
  3 giant cockroaches
  14 goblins
  5 hobgoblins
  4 jackals (D:3)
  2 quokkas
  6 ball pythons
  3 bats
  3 frilled lizards (D:1)
  7 kobolds
  4 rats
141 creatures vanquished.

Notes
Turn   | Place    | Note
-------+----------+-------------------------------------------
     0 | D:1      | BankyMcStonks the Minotaur Fighter began the quest for the
                  | Orb.
     0 | D:1      | Reached XP level 1. HP: 19/19 MP: 0/0
   140 | D:1      | Reached XP level 2. HP: 18/27 MP: 1/1
   363 | D:2      | Noticed Sigmund
   379 | D:2      | Killed Sigmund
   380 | D:2      | Reached skill level 3 in Polearms
   380 | D:2      | Reached skill level 5 in Armour
   380 | D:2      | Reached XP level 3. HP: 18/35 MP: 2/2
   380 | D:2      | Reached XP level 4. HP: 22/41 MP: 3/3
   380 | D:2      | Reached XP level 5. HP: 25/47 MP: 4/4
   953 | D:2      | Found a faded altar of an unknown god.
   961 | D:2      | Prayed at the altar of an unknown god.
   961 | D:2      | Became a worshipper of Ignis, the Dying Flame
   990 | D:3      | Noticed Natasha
   996 | D:3      | Killed Natasha
   997 | D:3      | Reached skill level 1 in Dodging
  1122 | D:3      | Noticed Pargi
  1130 | D:3      | Killed Pargi
  1131 | D:3      | Reached skill level 5 in Fighting
  1131 | D:3      | Reached skill level 4 in Polearms
  1131 | D:3      | Reached XP level 6. HP: 46/56 MP: 5/5
  1172 | D:3      | Found a runed translucent gate.
  1172 | D:3      | Found a runed translucent gate.
  1172 | D:3      | Found a runed translucent gate.
  1172 | D:3      | Noticed BleedingAnus's ghost (amateur HOMo)
  1172 | D:3      | Noticed Boganite's ghost (amateur DENe)
  1181 | D:3      | Killed Boganite's ghost
  1265 | D:3      | Killed BleedingAnus's ghost
  1266 | D:3      | Reached skill level 5 in Polearms
  1266 | D:3      | Reached skill level 5 in Shields
  1419 | D:3      | Noticed Ijyb
  1434 | D:3      | Killed Ijyb
  1435 | D:3      | Reached XP level 7. HP: 58/61 MP: 6/6
  1547 | D:3      | Found a shimmering altar of Xom.
  1547 | D:3      | Found a shimmering altar of Xom.
  1574 | D:3      | Found a shimmering altar of Xom.
  1577 | D:3      | Found a shimmering altar of Xom.
  1642 | D:3      | Noticed Natasha
  1649 | D:3      | Killed Natasha
  1937 | D:3      | Noticed Natasha
  1944 | D:3      | Killed Natasha
  1981 | D:4      | Reached skill level 6 in Polearms
  2354 | D:4      | Found a bloodstained altar of Trog.
  2384 | D:4      | Reached skill level 7 in Polearms
  2387 | D:4      | Reached XP level 8. HP: 56/70 MP: 7/7
  2779 | D:5      | Entered Level 5 of the Dungeon
  2845 | D:5      | Noticed Edmund
  2855 | D:5      | Killed Edmund
  2996 | D:5      | Noticed Prince Ribbit
  3004 | D:5      | Killed Prince Ribbit
  3005 | D:5      | Reached skill level 8 in Polearms
  3469 | D:5      | Reached skill level 9 in Polearms
  3641 | D:6      | Noticed Grinder
  3645 | D:6      | Killed Grinder
  3646 | D:6      | Reached XP level 9. HP: 79/79 MP: 8/8
  3662 | D:6      | Found a staircase to the Ecumenical Temple.
  3899 | D:6      | Learned a level 3 spell: Ozocubu's Armour
  3932 | D:6      | Found an opulent altar of Gozag.
  4049 | D:6      | Found an ornate altar of the Wu Jian Council.
  4220 | D:7      | Reached skill level 10 in Polearms
  4371 | D:7      | Slain by an orc warrior

Illustrated notes

Levels and vault maps discovered:
D:1:      dpeg_arrival_pond, layout_basic, minmay_crystal_room
D:2:      layout_loops_ring, shapermc_ecumenical_altar_hornbeckon, uniq_sigmund
D:3:      layout_loops_cross, xom_redecorated, gammafunk_ghost_cemetery,
          serial_rivers, chequers_serial_rivers_micro_a,
          chequers_serial_rivers_room_b, chequers_serial_rivers_micro_b,
          chequers_serial_rivers_large_a, chequers_serial_rivers_micro_a,
          uniq_ijyb, uniq_natasha, uniq_pargi
D:4:      kennysheep_the_goblin_king, layout_cave_pools, trog_book
D:5:      layout_loops_cross, uniq_edmund, uniq_prince_ribbit1
D:6:      layout_basic, mainiacjoe_overflow_surrounded_room,
          nicolae_wu_jian_wuxing_cycle, minmay_temple_entry_mini_moons,
          uniq_grinder
D:7:      layout_basic, bloody_makhleb, serial_glass, glass_columns_a,
          glass_columns_b, amcnicky_mini_rare_corridor_liquid,
          minmay_misc_feat_rugged, minmay_misc_feat_doors

Skill      XL: |  1  2  3  4  5  6  7  8  9 |
---------------+----------------------------+-----
Armour         | 5 6 7 8 |  8.9
Shields        | 4 5 |  5.0
Fighting       | 4 5 7 |  7.8
Polearms       | 3 4 5 7 9 10 | 10.3
Dodging        | 1 2 3 |  3.3
Throwing       | |  0.1
Stealth        | |  0.6
Evocations     | |  0.1

Action                   |  1- 3 |  4- 6 |  7- 9 || total
-------------------------+-------+-------+-------++-------
Melee: Trident           |    45 |    20 |       ||    65
       Headbutt          |     2 |    16 |    53 ||    71
       Halberd           |       |    57 |   290 ||   347
Throw: Boomerang         |       |       |     9 ||     9
Invok: Fiery Armour      |       |       |     1 ||     1
Evoke: Wand              |       |       |     2 ||     2
  Use: Scroll            |       |     1 |     6 ||     7
Armor: Scale mail        |    22 |    39 |   131 ||   192
Dodge: Dodged            |    31 |    34 |   151 ||   216
Block: Buckler           |    13 |     3 |       ||    16
